 Dungeon Crawl Stone Soup version 0.19-a0-147-g6f47703 (webtiles) character file.

42375 Kidiri the Arsonist (level 13, -12/99 HPs)
             Began as a High Elf Fire Elementalist on May 18, 2016.
             Was an Elder of Vehumet.
             Mangled by a hornet (17 damage)
             ... while paralysed by a hornet
             ... on level 1 of the Spider Nest.
             The game lasted 01:26:49 (29801 turns).

Kidiri the Arsonist (High Elf Fire Elementalist)   Turns: 29801, Time: 01:26:50

Health: -12/99     AC: 16    Str: 16    XL:     13   Next: 85%
Magic:  9/25       EV:  2    Int: 24    God:    Vehumet [****..]
Gold:   2100       SH:  0    Dex: 19    Spells: 10 memorised, 2 levels left

rFire  + + +     SeeInvis +     P - +6 dire flail "Waraz" {crush, rF+ rN+ Str+3}
rCold  x . .     Gourm    .     u - +5 ring mail of Reason {Str+4}
rNeg   + . .     Faith    .     (shield currently unavailable)
rPois  .         Spirit   .     (helmet restricted)
rElec  .         Dismiss  .     (no cloak)
rCorr  .         Reflect  +     o - +2 pair of gloves
SustAt .         Harm     .     (no boots)
MR     +....                    E - +5 amulet of reflection
Stlth  ++........               R - ring of fire
                                k - ring of see invisible

@: paralysed, lethally poisoned (-12 -> -79), very slightly contaminated,
slowed, invisible, somewhat resistant to hostile enchantments, unstealthy
A: horns 1, rugged brown scales 1, agile 1, blurry vision 1, fire resistance 1,
low mp 1, sense surroundings 1, regeneration 1, robust 1, shaggy fur 1, strong
1, MP-powered wands
a: Renounce Religion


You were on level 1 of the Spider Nest.
You worshipped Vehumet.
Vehumet was greatly pleased with you.
You were not hungry.

You visited 5 branches of the dungeon, and saw 23 of its levels.
You also visited: Labyrinth.

You collected 2100 gold pieces.

Inventory:

Hand Weapons
 P - the +6 dire flail "Waraz" (weapon) {crush, rF+ rN+ Str+3}
   (You found it in a labyrinth)

   It inflicts extra damage upon your enemies.
   It affects your strength (+3).
   It protects you from fire.
   It protects you from negative energy.
Missiles
 q - 4 javelins of returning
 Q - 2 throwing nets (quivered)
Armour
 i - the +0 Maxwell's etheric cage {RegenMP+ *Contam rElec MP+4}
   (You found it on level 6 of the Dungeon)

   It insulates you from electricity.
   It affects your magic capacity (+4).
   It causes magical contamination when unequipped.
 o - a +2 pair of gloves (worn)
 s - the cursed +6 large shield of Ignorance {rN+ AC+2 EV+2 Int-6 *Curse}
   (You found it on level 1 of the Lair of Beasts)

   It affects your AC (+2).
   It affects your evasion (+2).
   It affects your intelligence (-6).
   It protects you from negative energy.
   It may re-curse itself when equipped.
   It has a curse placed upon it.
 u - the +5 ring mail of Reason (worn) {Str+4}
   (You found it on level 12 of the Dungeon)

   It affects your strength (+4).
 x - a +2 fire dragon armour
 S - the +0 chain mail "Keciol" {*Contam rPois rC++ Str+4}
   (You found it on level 5 of the Lair of Beasts)

   It affects your strength (+4).
   It greatly protects you from cold.
   It protects you from poison.
   It causes magical contamination when unequipped.
 X - a +4 ring mail of cold resistance
Magical Staves
 J - an uncursed staff of air
 Y - an uncursed staff of wizardry
Rods
 b - a +0 iron rod (9/9)
   (You took it off a minotaur in a labyrinth)
 A - a -2 rod of clouds (11/11)
   (You found it on level 5 of the Dungeon)
 N - a +7 rod of shadows (11/11)
   (You found it in a labyrinth)
Jewellery
 f - an uncursed ring of magical power
 k - a ring of see invisible (left hand)
 p - an uncursed ring of wizardry
 E - a +5 amulet of reflection (around neck)
 K - an uncursed ring of stealth
 M - an uncursed ring of teleportation
 R - a ring of fire (right hand)
Wands
 t - a wand of confusion (10/48)
 L - a wand of iceblast (5/15)
Scrolls
 d - 9 scrolls of remove curse
 e - a scroll of fog
 g - a scroll of amnesia
 h - a scroll of immolation
 j - 4 scrolls of teleportation
 y - a scroll of summoning
 B - a scroll of noise
 D - a scroll of blinking
 O - a scroll of magic mapping
 U - a scroll of torment {unknown}
Potions
 l - 4 potions of lignification
 m - 3 potions of curing
 n - a potion of might
 r - 2 potions of cancellation
 v - 6 potions of brilliance
 w - 3 potions of haste
 z - 2 potions of agility
 C - a potion of magic {unknown}
 F - 3 potions of cure mutation
 H - a potion of berserk rage
 T - a potion of heal wounds
Books
 I - a book of Fire

   Spells                             Type                      Level
   a - Ignite Poison                  Fire/Transmutation/Poison    3
   b - Fireball                       Conjuration/Fire             5
   c - Bolt of Fire                   Conjuration/Fire             6
   d - Delayed Fireball               Conjuration/Fire             7
   e - Ring of Flames                 Charms/Fire                  7
Comestibles
 c - 9 bread rations
 G - 6 meat rations
 V - 4 fruits


   Skills:
 + Level 8.0 Fighting
 + Level 7.0 Armour
 + Level 9.6 Dodging
 - Level 2.1 Stealth
 + Level 3.2 Shields
 + Level 10.1 Spellcasting
 + Level 8.8 Conjurations
 + Level 7.6 Hexes
 + Level 2.9 Translocations
 * Level 11.3 Fire Magic
 + Level 8.1 Air Magic
 * Level 3.2 Poison Magic


You had 2 spell levels left.
You knew the following spells:

 Your Spells              Type           Power        Failure   Level  Hunger
a - Shock                 Conj/Air       ####         1%          1    None
b - Throw Flame           Conj/Fire      ######       1%          2    None
c - Conjure Flame         Conj/Fire      ######..     1%          3    None
d - Inner Flame           Hex/Fire       ######..     1%          3    None
e - Sticky Flame          Conj/Fire      ######..     1%          4    #......
f - Fireball              Conj/Fire      ######....   1%          5    ####...
g - Confuse               Hex            #####...     1%          3    None
h - Apportation           Tloc           ####......   3%          1    None
i - Delayed Fireball      Conj/Fire      N/A          52%         7    #######
j - Poison Arrow          Conj/Pois      #####.....   50%         6    ######.


Dungeon Overview and Level Annotations

Branches:
Dungeon (13/15)            Temple (1/1) D:4            Lair (6/8) D:11
 Shoals (0/4) Lair:3       Spider (1/4) Lair:3          Orc (2/2) D:12
    Elf (0/3) Orc:2        Vaults (0/5) D:13
  Slime: Lair:6-8

Altars:
Ashenzari
Cheibriados
Dithmenos
Elyvilon
Fedhas
Gozag
Kikubaaqudgha
Makhleb
Nemelex Xobeh
Okawaru
Pakellas
Qazlal
Ru
Sif Muna
Trog
Vehumet
Xom
Yredelemnul
Zin
The Shining One
Beogh

Shops:
D:7 !   D:9 [   Orc:2 }:

Annotations:
D:13 Rupert
Orc:2 Saint Roka


Innate Abilities, Weirdness & Mutations

You have a pair of small horns on your head.
You are partially covered in rugged brown scales (AC +1, +3% HP).
You are agile. (Dex +2)
Scrolls take you a little longer to read.
Your flesh is heat resistant.
Your magical capacity is low (-10% MP).
You passively map a small area around you.
Your natural rate of healing is unusually fast.
You are robust (+10% HP).
You are covered in fur (AC +1).
Your muscles are strong. (Str +2)
You expend magic power (3 MP) to strengthen your wands.


Message History

You suddenly lose the ability to move!
The redback bites you but does no damage.
The demonic crawler hits you but does no damage.
The demonic crawler hits you. The demonic crawler hits you!
You feel very sick.
The demonic crawler burns!
The hornet burns!
The hornet stings you.
* * * LOW HITPOINT WARNING * * *
You are lethally poisoned!
The redback bites you.
* * * LOW HITPOINT WARNING * * *
You are more poisoned.
The redback poisons you!
The redback bites you but does no damage.
The demonic crawler hits you but does no damage.
The demonic crawler hits you!
* * * LOW HITPOINT WARNING * * *
The demonic crawler hits you!
* * * LOW HITPOINT WARNING * * *
The hornet stings you!
You die...

* .##........... ,
#.#........... , ,
#............ ,
##..........# ,
#..........# ,* ,*
,**#.$...... #....ws#
** ... , ##..ssy# ,
.... ####...s@## ,,
..... ##......%.## **
* ......##..........#
* ....##............#
* , * ,
....##...........## *
* ...###............#
*
.................#..#
..#
#...........####.. ,
..###..........## .,


You could see a torpor snail, a demonic crawler (burning), a hornet (burning), a
jumping spider and 2 redbacks.

Vanquished Creatures
  An orc warlord (Orc:1)
  A minotaur (Lab)
  The ghost of Lugonue the Carver, a journeyman MiFi of Okawaru (Orc:1)
  A hydra (Lair:4)
  Erica (Lair:1)
  Urug (Lair:1)
  An orc high priest (Orc:1)
  3 hill giants (D:12)
  2 orb spiders (Spider:1)
  A wolf spider zombie (D:12)
  An orc knight (D:13)
  2 wolf spiders (Spider:1)
  An orc sorcerer (Orc:2)
  A manticore (D:12)
  5 cyclopes
  2 sirens (Lair:3)
  5 ugly things
  An elephant (Lair:5)
  5 black mambas
  A molten gargoyle (Lair:2)
  2 centaur skeletons
  6 spiny frogs
  7 komodo dragons
  A rime drake (Lair:3)
  2 demonic crawlers (Spider:1)
  3 trolls
  2 merfolk (Lair:3)
  Grinder (D:4)
  5 blink frogs (Lair:5)
  A vampire (D:13)
  Sigmund (D:6)
  3 redbacks
  2 basilisks (Lair:5)
  2 wyverns
  20 yaks
  2 wraiths
  A fire elemental (Lair:2)
  3 hungry ghosts
  A steam dragon (Lair:2)
  6 hippogriffs
  Edmund (D:4)
  8 water moccasins
  11 porcupines
  2 sky beasts
  32 orc warriors
  3 black bears
  2 ice beasts
  12 ogres
  A phantom (D:12)
  3 wolves (Lair:4)
  6 centaurs
  5 crocodiles
  Blork the orc (D:6)
  2 big kobolds
  14 giant frogs
  A wyvern zombie (D:12)
  4 scorpions
  6 killer bees (D:8)
  A troll zombie (D:12)
  A wight (D:9)
  An electric eel (Lair:2)
  4 howler monkeys
  2 crimson imps
  A centaur zombie (D:9)
  3 jellies
  A giant frog zombie (D:5)
  22 orc priests
  6 hounds
  2 giant frog skeletons
  6 iguanas
  23 orc wizards
  8 worker ants
  8 sheep
  7 ogre zombies (D:12)
  2 hound skeletons
  A worker ant zombie (D:6)
  Robin (D:2)
  4 gnolls (D:8)
  11 adders
  39 river rats
  12 white imps (D:13)
  An adder skeleton (D:8)
  7 giant geckos
  80 orcs
  4 giant cockroaches
  12 goblins
  5 hobgoblins (D:2)
  13 jackals
  7 quokkas
  2 ball pythons
  5 bats
  A giant gecko zombie (D:6)
  7 giant newts
  3 goblin skeletons (D:12)
  4 goblin zombies (D:12)
  5 hobgoblin zombies (D:12)
  A jackal zombie (D:5)
  16 kobolds
  4 orc skeletons (D:12)
  9 orc zombies (D:12)
  6 rats
  A fungus (Lair:5)
581 creatures vanquished.

Vanquished Creatures (others)
  4 fungi (Lair:5)
  A plant (Lair:4)
5 creatures vanquished.

Grand Total: 586 creatures vanquished

Notes
Turn   | Place    | Note
--------------------------------------------------------------
     0 | D:1      | Kidiri the High Elf Fire Elementalist began the quest for the Orb.
     0 | D:1      | Reached XP level 1. HP: 11/11 MP: 4/4
   430 | D:1      | Reached XP level 2. HP: 15/17 MP: 2/6
   636 | D:2      | Learned a level 2 spell: Throw Flame
  1060 | D:2      | Noticed Robin
  1062 | D:2      | Reached XP level 3. HP: 21/21 MP: 1/8
  1080 | D:1      | Learned a level 3 spell: Conjure Flame
  1403 | D:2      | Killed Robin
  1478 | D:2      | Reached skill level 1 in Armour
  1514 | D:2      | Reached XP level 4. HP: 27/27 MP: 6/9
  1584 | D:2      | Found a burning altar of Makhleb.
  1827 | D:3      | Noticed a giant frog
  1834 | D:3      | Killed a giant frog
  1834 | D:3      | Reached skill level 1 in Fighting
  1971 | D:3      | Reached XP level 5. HP: 33/33 MP: 11/11
  2107 | D:3      | Learned a level 3 spell: Inner Flame
  2218 | D:3      | Found a shadowy altar of Dithmenos.
  2661 | D:4      | Noticed an ogre
  2668 | D:4      | Killed an ogre
  2668 | D:4      | Reached skill level 4 in Fire Magic
  2888 | D:4      | Found a staircase to the Ecumenical Temple.
  2903 | Temple   | Entered the Ecumenical Temple
  3083 | Temple   | Became a worshipper of Vehumet
  3162 | D:4      | Found a white marble altar of Elyvilon.
  3193 | D:4      | Found a burning altar of Makhleb.
  3393 | D:4      | Reached XP level 6. HP: 38/38 MP: 12/12
  3395 | D:4      | Noticed Grinder
  3405 | D:4      | Paralysed by Grinder for 3 turns
  3425 | D:4      | Killed Grinder
  3425 | D:4      | Reached skill level 1 in Hexes
  3431 | D:4      | Learned a level 4 spell: Sticky Flame
  3686 | D:4      | Reached XP level 7. HP: 45/45 MP: 11/14
  3900 | D:4      | Noticed Edmund
  3919 | D:4      | Killed Edmund
  4410 | D:5      | Entered Level 5 of the Dungeon
  4688 | D:5      | Reached skill level 5 in Spellcasting
  4844 | D:5      | Reached skill level 5 in Dodging
  5004 | D:5      | Found a bloodstained altar of Trog.
  5359 | D:5      | Reached XP level 8. HP: 51/51 MP: 16/16
  5384 | D:5      | Reached skill level 5 in Fire Magic
  5939 | D:6      | Learned a level 5 spell: Fireball
  5985 | D:6      | Noticed Blork the orc
  5993 | D:6      | Killed Blork the orc
  6020 | D:6      | Identified a -2 rod of clouds (11/11) (You found it on level 5 of the Dungeon)
  6303 | D:6      | Reached * piety under Vehumet
  6303 | D:6      | Offered knowledge of Shock by Vehumet.
  6529 | D:6      | Found a sparkling altar of Nemelex Xobeh.
  6605 | D:6      | Noticed Sigmund
  7075 | D:6      | Found a sparkling altar of Nemelex Xobeh.
  7148 | D:6      | Killed Sigmund
  7333 | D:6      | Reached XP level 9. HP: 57/57 MP: 19/19
  7745 | D:7      | Reached skill level 6 in Fire Magic
  7794 | D:7      | Learned a level 1 spell: Shock
  7951 | D:7      | Found Rawneel's Distillery.
  7978 | D:7      | Found a deep blue altar of Sif Muna.
  8186 | D:7      | Found a sacrificial altar of Ru.
  8218 | D:7      | Reached skill level 1 in Air Magic
  8223 | D:7      | Gained mutation: Your magical capacity is low (-10% MP). [mutagenic meat]
  8224 | D:7      | Gained mutation: You have very sharp teeth. [mutagenic meat]
  8225 | D:7      | Gained mutation: You are covered in fur (AC +1). [mutagenic meat]
  8227 | D:7      | Gained mutation: You passively map a small area around you. [mutagenic meat]
  8228 | D:7      | Gained mutation: You are robust (+10% HP). [mutagenic meat]
  8474 | D:8      | Offered knowledge of Magic Dart by Vehumet.
  8762 | D:8      | Reached ** piety under Vehumet
  8895 | D:8      | Learned a level 1 spell: Apportation
  9361 | D:8      | Reached skill level 5 in Conjurations
  9430 | D:8      | Identified the Compendium of the Boosting Rocks
  9650 | D:9      | Noticed a cyclops
  9659 | D:9      | Killed a cyclops
  9659 | D:9      | Reached skill level 7 in Fire Magic
  9935 | D:9      | Reached XP level 10. HP: 70/71 MP: 19/19
 10075 | D:9      | Learned a level 3 spell: Confuse
 10234 | D:9      | Found Hifiqus's Antique Armour Boutique.
 10270 | D:9      | Offered knowledge of Static Discharge by Vehumet.
 10947 | D:10     | Entered Level 10 of the Dungeon
 11053 | D:10     | Reached *** piety under Vehumet
 11105 | D:10     | Reached skill level 5 in Fighting
 11648 | D:10     | Reached skill level 8 in Fire Magic
 11667 | D:10     | Reached skill level 5 in Armour
 12666 | D:11     | Reached XP level 11. HP: 72/79 MP: 21/21
 12780 | D:11     | Offered knowledge of Stone Arrow by Vehumet.
 12793 | D:11     | Learned a level 7 spell: Delayed Fireball
 12927 | D:11     | Found a staircase to the Lair.
 12989 | D:11     | Reached skill level 5 in Hexes
 13045 | D:11     | Noticed a red ugly thing
 13111 | D:11     | Killed a red ugly thing
 13407 | D:11     | Reached skill level 5 in Air Magic
 13806 | D:12     | Got a warped ring mail
 13817 | D:12     | Identified the +5 ring mail of Reason {Str+4} (You found it on level 12 of the Dungeon)
 13843 | D:12     | Reached **** piety under Vehumet
 13851 | D:12     | Offered knowledge of Fulminant Prism by Vehumet.
 13855 | D:12     | Noticed a hill giant
 13869 | D:12     | Killed a hill giant
 13918 | D:12     | Noticed a brown ugly thing
 13918 | D:12     | Found a staircase to the Orcish Mines.
 13934 | D:12     | Killed a brown ugly thing
 14173 | D:12     | Reached skill level 9 in Fire Magic
 14825 | D:12     | Reached ***** piety under Vehumet
 15196 | D:12     | Gained mutation: You have a pair of small horns on your head. [mutagenic meat]
 15197 | D:12     | Lost mutation: You have very sharp teeth. [mutagenic meat]
 15198 | D:12     | Gained mutation: Your muscles are strong. (Str +2) [mutagenic meat]
 15199 | D:12     | Lost mutation: You have a pair of small horns on your head. [mutagenic meat]
 15200 | D:12     | Gained mutation: You are agile. (Dex +2) [mutagenic meat]
 15214 | D:12     | Noticed a hill giant
 15265 | D:11     | Gained mutation: Your flesh is heat resistant. [mutagenic glow]
 15641 | D:12     | Killed a hill giant
 15749 | Lair:1   | Entered Level 1 of the Lair of Beasts
 15869 | D:13     | Found a labyrinth entrance.
 15878 | Lab      | Entered a labyrinth
 16023 | Lab      | Noticed a minotaur
 16047 | Lab      | HP: 3/79 [minotaur/iron rod (2)]
 16047 | Lab      | HP: 1/79 [minotaur/iron rod (2)]
 16528 | Lab      | Killed a minotaur
 16551 | Lab      | Got a slimy dire flail
 16606 | D:13     | Offered knowledge of Iskenderun's Mystic Blast by Vehumet.
 16984 | D:13     | Identified the +6 dire flail "Waraz" {crush, rF+ rN+ Str+3} (You found it in a labyrinth)
 17007 | D:13     | Identified a +7 rod of shadows (11/11) (You found it in a labyrinth)
 17232 | D:13     | Noticed Rupert
 17233 | D:13     | Noticed an orc knight
 17236 | D:13     | Found a gate to the Vaults.
 17236 | D:13     | Noticed a skeletal warrior
 17236 | D:13     | Noticed a cyan ugly thing
 17236 | D:13     | Noticed a purple ugly thing
 17238 | D:13     | Noticed a brown ugly thing
 17255 | D:13     | Killed an orc knight
 17255 | D:13     | Reached XP level 12. HP: 88/88 MP: 23/23
 17632 | Lair:1   | Noticed Urug
 17656 | Lair:1   | Killed Urug
 18079 | Lair:1   | Reached skill level 10 in Fire Magic
 18772 | Lair:1   | Noticed Erica
 18785 | Lair:1   | Killed Erica
 20163 | Lair:2   | Reached skill level 1 in Shields
 21866 | Lair:3   | Found a hole to the Spider Nest.
 21871 | Lair:3   | Offered knowledge of Poison Arrow by Vehumet.
 22320 | Lair:3   | Found a staircase to the Shoals.
 23037 | Lair:4   | Noticed a seven-headed hydra
 23240 | Lair:4   | Gained mutation: You are partially covered in rugged brown scales (AC +1, +3% HP). [potion of mutation]
 23240 | Lair:4   | Gained mutation: Your natural rate of healing is unusually fast. [potion of mutation]
 23240 | Lair:4   | Gained mutation: You have a pair of small horns on your head. [potion of mutation]
 23259 | Lair:4   | Gained mutation: Scrolls take you a little longer to read. [mutagenic glow]
 23589 | Lair:4   | Killed a seven-headed hydra
 23589 | Lair:4   | Reached XP level 13. HP: 87/97 MP: 24/24
 23634 | Lair:4   | Learned a level 6 spell: Bolt of Fire
 23960 | Lair:4   | Learned a level 6 spell: Poison Arrow
 24363 | Lair:5   | Got a dazzling chain mail
 24374 | Lair:5   | Identified the +0 chain mail "Keciol" {*Contam rPois rC++ Str+4} (You found it on level 5 of the Lair of Beasts)
 24410 | Lair:5   | Gained mutation: You expend magic power (3 MP) to strengthen your wands. [mutagenic glow]
 24863 | Lair:5   | Reached skill level 1 in Poison Magic
 25781 | Lair:5   | Reached skill level 1 in Translocations
 26624 | Orc:1    | Entered Level 1 of the Orcish Mines
 26661 | Orc:1    | Noticed Lugonue's ghost (journeyman MiFi)
 26837 | Orc:1    | Killed Lugonue's ghost
 26985 | Orc:2    | Entered Level 2 of the Orcish Mines
 27009 | Orc:2    | Found a staircase to the Elven Halls.
 27205 | Orc:1    | Noticed an orc warlord
 27412 | Orc:1    | Killed an orc warlord
 27612 | Orc:1    | Found a roughly hewn altar of Beogh.
 27871 | Orc:2    | Offered knowledge of Iron Shot by Vehumet.
 27977 | Orc:2    | Found a roughly hewn altar of Beogh.
 27978 | Orc:2    | Reached skill level 11 in Fire Magic
 28296 | Orc:2    | Found a roughly hewn altar of Beogh.
 28481 | Orc:2    | Found Roimit's Book Boutique.
 28605 | Orc:2    | Found a roughly hewn altar of Beogh.
 28889 | Orc:2    | Found Tuperuh's Quality Used Wands.
 29036 | Orc:2    | Found a roughly hewn altar of Beogh.
 29072 | Orc:2    | Found a roughly hewn altar of Beogh.
 29140 | Orc:2    | Reached skill level 10 in Spellcasting
 29148 | Orc:2    | Noticed Saint Roka
 29453 | Spider:1 | Entered Level 1 of the Spider Nest
 29794 | Spider:1 | Paralysed by a hornet for 2 turns
 29800 | Spider:1 | Paralysed by a hornet for 2 turns
 29801 | Spider:1 | Mangled by a hornet

Vault maps used:
D:1:      minmay_arrival_up_and_down, grunt_decor_one_mirror, minmay_liquid_box
D:2:      marbit_many_paths, uniq_robin
D:3:      grunt_dithmenos_smoke_and_mirrors
D:4:      elyvilon_altar_1, minmay_temple_entry_glass, bloody_makhleb,
          uniq_grinder, uniq_edmund
D:5:      bloody_trog, first_bread
D:6:      nemelex_xobeh_ov_fountains_minmay, nemelex_diamond_rough_becter,
          uniq_sigmund, uniq_blork_the_orc
D:7:      kennysheep_mini_moat, lemuel_round_altar, serial_shops,
          nicolae_shop_stone
D:8:      blue_anna_alchemist
D:9:      serial_shops, nicolae_shop_trees
D:10:     st_stairs_1, kennysheep_nondescript, kennysheep_generic_room_13
D:11:     lair_0_dummy
D:12:     zombieorc2_lemuel
D:13:     david_vaults_3, portal_ice_cave_entry_imps, lab_entry_generic
Temple:   hc_temple_tempest_star
Lair:1:   bh_autumn_forest_stairs, lemuel_fruit_tree, uniq_erica, uniq_urug
Lair:3:   elwin_shoals_entry_stream, spider_nest_entry_webs
Lair:5:   uniq_rupert
Lair:6:   minmay_slime_entry_oklob_enclosed
Orc:1:    basic_altar
Orc:2:    grunt_orc_community_town_hall, grunt_orc_community_big_house_2,
          grunt_orc_community_big_house_2, grunt_orc_community_house_2,
          grunt_orc_community_house_2, grunt_orc_community_house_3,
          grunt_orc_community_house_3, grunt_orc_community_house_3,
          grunt_orc_community_house_3, nicolae_for_you_no_charge
Lab:      labyrinth_watery, nicolae_lab_hexagon

Skill      XL: |  1  2  3  4  5  6  7  8  9 10 11 12 13 |
---------------+----------------------------------------+-----
Conjurations   | 2 3 4 5 6 7 8 |  8.8
Armour         | 1 2 3 4 5 6 7 |  7.0
Spellcasting   | 3 4 5 6 7 8 9 10 | 10.1
Fighting       | 1 2 3 4 5 6 7 8 |  8.0
Dodging        | 3 4 5 6 7 8 9 |  9.6
Fire Magic     | 4 5 7 8 9 10 11 | 11.3
Hexes          | 1 2 3 4 6 7 |  7.6
Air Magic      | 2 4 6 7 8 |  8.1
Shields        | 2 3 |  3.2
Poison Magic   | 3 |  3.2
Translocations | 2 |  2.9
Stealth        | |  2.1

Action                   |  1- 3 |  4- 6 |  7- 9 | 10-12 | 13-15 || total
-------------------------+-------+-------+-------+-------+-------++-------
Melee: Short sword       |    12 |       |       |       |       ||    12
       Flail             |       |     7 |    56 |   113 |       ||   176
       Bite              |       |       |     2 |    12 |       ||    14
       Dire flail        |       |       |       |    40 |   122 ||   162
       Staff             |       |       |       |    39 |       ||    39
       Headbutt          |       |       |       |     2 |    37 ||    39
 Cast: Flame Tongue      |    40 |    43 |   152 |   448 |       ||   683
       Throw Flame       |    18 |    26 |    85 |   115 |   194 ||   438
       Conjure Flame     |       |     1 |     5 |    21 |    10 ||    37
       Inner Flame       |       |     1 |     1 |     4 |     6 ||    12
       Sticky Flame      |       |       |    17 |    88 |    40 ||   145
       Fireball          |       |       |     1 |    23 |    21 ||    45
       Shock             |       |       |     1 |    62 |    69 ||   132
       Confuse           |       |       |       |     7 |     9 ||    16
       Delayed Fireball  |       |       |       |     1 |       ||     1
 Abil: Release Delayed F |       |       |       |       |     1 ||     1
Evoke: Wand              |       |     3 |       |       |       ||     3
  Use: Scroll            |     6 |       |    12 |    13 |     4 ||    35
       Potion            |       |     1 |     1 |     7 |     6 ||    15
 Stab: Sleeping          |       |       |     2 |     4 |     1 ||     7
       Confused          |       |       |       |     7 |     3 ||    10
  Eat: Chunk             |     1 |     7 |    23 |    25 |     7 ||    63
       Pizza             |     1 |       |       |     2 |       ||     3
       Meat ration       |       |       |     1 |       |     1 ||     2
       Fruit             |       |       |       |    22 |    10 ||    32
       Beef jerky        |       |       |       |     2 |       ||     2
       Royal jelly       |       |       |       |     1 |       ||     1
       Bread ration      |       |       |       |     2 |     1 ||     3
Armor: Robe              |     4 |     8 |     8 |       |       ||    20
       Leather armour    |       |       |    39 |    36 |       ||    75
       Ring mail         |       |       |       |   100 |    78 ||   178
Dodge: Dodged            |    18 |    11 |    65 |   323 |   195 ||   612
Block: Other             |       |       |    16 |   119 |    50 ||   185
       Reflection        |       |       |     2 |     5 |     1 ||     8
